 Dungeon Crawl Stone Soup version 0.31-a0-841-g038b102fc3 (webtiles) character file.

Game seed: 15107203520660443371

16 randomguy2701 the Prestidigitator (level 2, -3/23 HPs)
             Began as a Gnoll Wanderer on Sept 27, 2023.
             Slain by Jessica
             ... wielding a +4 dagger of speed
              (7 damage)
             ... on level 2 of the Dungeon.
             The game lasted 00:00:29 (541 turns).

randomguy2701 the Prestidigitator (Gnoll Wanderer)   Turns: 541, Time: 00:00:31

Health: -3/23      AC:  6    Str: 13    XL:     2   Next: 54%
Magic:  2/2        EV: 11    Int:  9    God:
Gold:   16         SH:  0    Dex: 11    Spells: 1/1 levels left

rFire   . . .        a - +0 falchion
rCold   . . .        (no shield)
rNeg    . . .        c - +0 ring mail
rPois   .            (no helmet)
rElec   .            (no cloak)
rCorr   .            (no gloves)
SInv    .            (no boots)
Will    .....        (no amulet)
Stlth   +            (no ring)
HPRegen 0.23/turn    (no ring)
MPRegen 0.08/turn

%: no passive effects
@: lethally poisoned (-3 -> -4)
A: fangs 1, strong nose, distributed training
a: no special abilities


You were on level 2 of the Dungeon.
You visited 1 branch of the dungeon, and saw 2 of its levels.

You collected 16 gold pieces.

Inventory:

Hand Weapons
 a - a +0 falchion (weapon)
Armour
 c - a +0 ring mail (worn)
Wands
 b - a wand of flame (11) (quivered)
Scrolls
 h - a scroll of enchant armour {unknown}
 i - a scroll of teleportation {unknown}
 j - a scroll of brand weapon {unknown}
Potions
 d - a potion of brilliance
 e - a potion of might {unknown}
 f - a potion of mutation {unknown}
 g - a potion of enlightenment {unknown}


   Skills:
 + Level 2.5 Fighting
 + Level 0.4 Short Blades
 + Level 2.5 Long Blades
 + Level 0.4 Axes
 + Level 0.4 Maces & Flails
 + Level 0.4 Polearms
 + Level 0.4 Staves
 + Level 0.4 Ranged Weapons
 + Level 0.4 Throwing
 + Level 6.5 Armour
 + Level 2.5 Dodging
 + Level 0.4 Stealth
 + Level 0.4 Shields
 + Level 0.4 Unarmed Combat
 + Level 0.4 Spellcasting
 + Level 0.2 Conjurations
 + Level 0.2 Hexes
 + Level 0.2 Summonings
 + Level 0.2 Necromancy
 + Level 0.2 Translocations
 + Level 0.2 Transmutations
 + Level 0.2 Fire Magic
 + Level 0.2 Ice Magic
 + Level 0.2 Air Magic
 + Level 0.2 Earth Magic
 + Level 0.2 Poison Magic
 + Level 0.5 Invocations
 + Level 8.5 Evocations
 + Level 0.3 Shapeshifting


You had one spell level left.
You didn't know any spells.
Your spell library contained the following spells:

 Spells                   Type           Power      Damage    Failure   Level
 Ensorcelled Hibernation  Hex/Ice        0%         N/A       71%         2
 Passwall                 Tmut/Erth      0%         N/A       71%         2
 Swiftness                Air            0%         N/A       90%         3


Dungeon Overview and Level Annotations

Branches:
Dungeon (2/15)

Altars:

Annotations:
D:2 Jessica


Innate Abilities, Weirdness & Mutations

You have very sharp teeth.
Your uncanny sense of smell can sniff out nearby items.
Your experience applies equally to all skills.


Message History

No target in view!
No target in view!
No target in view!
No target in view!
No target in view!
No target in view!
No target in view!
No target in view!
A malevolent force fills the Dungeon...
You fall into a shaft and drop 1 floor!
The shaft crumbles and collapses.
Found a stone staircase leading up.
Jessica the Apprentice Sorceress comes into view.
She is wielding a +4 dagger of speed.
Jessica shouts!
An adder comes into view.
There are monsters nearby!
The adder hisses angrily.
Jessica gestures at you while chanting.
You barely resist. The adder barely misses you.
You miss the adder.
The adder bites you but does no damage. x2
Jessica barely misses you.
You barely miss the adder.
Jessica gestures wildly.
Jessica hits you with a +4 dagger of speed.
The adder bites you.
You are poisoned.
The adder poisons you! Jessica barely misses you.
You hit the adder.
The adder is lightly wounded.
You feel sick. The adder bites you but does no damage.
Jessica closely misses you. The adder bites you but does no damage.
You completely miss the adder.
The adder is lightly wounded.
You feel sick.
Jessica hits you with a +4 dagger of speed!
The adder bites you.
* * * LOW HITPOINT WARNING * * *
Jessica hits you with a +4 dagger of speed!
You die...

................
#............
#............
..###.......#+##+#.
.........#.........
.........#.........
.........+.........
.........#....?....
.........#.@.......
...........S@<#+###
.................
####..............#
#..............#
....#.........#
..............#
.....#........#


You could see an adder and Jessica.

Vanquished Creatures
  A dart slug (D:1)
  A ball python (D:1)
  An endoplasm (D:1)
  A goblin (D:1)
  3 hobgoblins (D:1)
  A kobold (D:1)
  3 bats (D:1)
  A frilled lizard (D:1)
  A rat (D:1)
13 creatures vanquished.

Notes
Turn   | Place    | Note
-------+----------+-------------------------------------------
     0 | D:1      | randomguy2701 the Gnoll Wanderer began the quest for the
                  | Orb.
     0 | D:1      | randomguy2701 set off with the following items: a +0
                  | falchion, a wand of flame (11), a +0 ring mail, a potion of
                  | brilliance.
     0 | D:1      | Reached XP level 1. HP: 17/17 MP: 1/1
   252 | D:1      | Reached XP level 2. HP: 23/23 MP: 2/2
   529 | D:1      | You fall into a shaft and drop 1 floor!
   534 | D:2      | Noticed Jessica
   541 | D:2      | Slain by Jessica

Illustrated notes

Levels and vault maps discovered:
D:1:      lemuel_arrival_rhombus, layout_basic
D:2:      layout_basic, uniq_jessica, uniq_terence

Action                     || total
---------------------------++-------
  Melee: Falchion          ||    47
         Bite              ||     3
 Armour: Ring mail         ||    30
  Dodge: Dodged            ||    36

Table legend: (Time is in decaauts)
 A = Elapsed time spent in this place.
 B = Non-inter-level travel time spent in this place.
 C = Inter-level travel time spent in this place.
 D = Time resting spent in this place.
 E = Time spent auto-exploring this place.
 F = Levels seen in this place.
 G = Mean time per level.
                   A        B        C        D        E       F      G
               +--------+--------+--------+--------+--------+-----+--------+
         Total |    549 |    549 |      0 |      0 |    449 |   2 |  274.5 |
       Dungeon |    549 |    549 |      0 |      0 |    449 |   2 |  274.5 |
               +--------+--------+--------+--------+--------+-----+--------+

Top non-repeatable levels by time:
     D:1: 536 daAuts
     D:2: 12 daAuts
